 Dungeon Crawl Stone Soup version 0.25.0-11-g1f837a76a1 (webtiles) character file.

Game seed: 12218876496072661889

114 Apogee the Grasshopper (level 4, -9/34 HPs)
             Began as a Gnoll Warper on June 26, 2020.
             Was a Follower of Ru.
             Killed by nerve-wracking pain
             ... invoked by Grinder
              (13 damage)
             ... while paralysed by Grinder
             ... on level 4 of the Dungeon.
             The game lasted 00:05:20 (2693 turns).

Apogee the Grasshopper (Gnoll Warper)               Turns: 2693, Time: 00:05:21

Health: -9/34      AC:  9    Str: 14    XL:     4   Next: 98%
Magic:  11/11      EV:  2    Int: 15    God:    Ru [*.....]
Gold:   106        SH:  0    Dex: 15    Spells: 11/13 levels left

rFire    + . .     SeeInvis .   a - +0 falchion
rCold    + . .     Gourm    .   (no shield)
rNeg     . . .     Faith    .   j - +0 chain mail
rPois    +         Spirit   .   (no helmet)
rElec    +         Reflect  .   (no cloak)
rCorr    +         Harm     .   (no gloves)
MR       .....                  (no boots)
Stlth    ..........             (no amulet)
HPRegen  0.11/turn              (no ring)
MPRegen  0.12/turn              (no ring)

@: paralysed, resistant, hasted
A: distributed training, fangs 1, frail 1, wild magic 1, inability to train
dodging, strong nose
a: Renounce Religion


You were on level 4 of the Dungeon.
You worshipped Ru.
Ru was aware of your devotion.
You were hungry.

You visited 1 branch of the dungeon, and saw 4 of its levels.

You collected 106 gold pieces.

Inventory:

Hand Weapons
 a - a +0 falchion (weapon)
Missiles
 c - 4 curare-tipped darts
 e - 4 boomerangs of dispersal (quivered)
 i - 86 stones
 k - 8 poisoned darts
Armour
 b - a +0 leather armour
 j - a +0 chain mail (worn)
Wands
 h - a wand of enslavement (9)
Scrolls
 d - a scroll of blinking
 g - 2 scrolls of remove curse {unknown}
 l - 2 scrolls of amnesia {unknown}
 n - 5 scrolls of identify {unknown}
 o - a scroll of fog {unknown}
 p - a scroll of fear {unknown}
 q - 2 scrolls of random uselessness {unknown}
 t - a scroll of immolation {unknown}
Potions
 u - 2 potions of stabbing {unknown}
 w - a potion of berserk rage {unknown}
Comestibles
 f - 8 rations


   Skills:
 + Level 4.7 Fighting
 + Level 1.2 Short Blades
 + Level 4.7 Long Blades
 + Level 1.2 Axes
 + Level 1.2 Maces & Flails
 + Level 1.2 Polearms
 + Level 1.2 Staves
 + Level 1.2 Slings
 + Level 1.2 Bows
 + Level 1.2 Crossbows
 + Level 2.8 Throwing
 + Level 2.8 Armour
   Level 0.0 Dodging
 + Level 1.2 Stealth
 + Level 1.2 Shields
 + Level 1.2 Unarmed Combat
 + Level 5.1 Spellcasting
 + Level 1.0 Conjurations
 + Level 1.0 Hexes
 + Level 1.0 Charms
 + Level 1.0 Summonings
 + Level 1.0 Necromancy
 + Level 5.5 Translocations
 + Level 1.0 Transmutations
 + Level 1.0 Fire Magic
 + Level 1.0 Ice Magic
 + Level 1.0 Air Magic
 + Level 1.0 Earth Magic
 + Level 1.0 Poison Magic
 + Level 1.4 Invocations
 + Level 1.2 Evocations


You had 11 spell levels left.
You knew the following spells:

 Your Spells              Type           Power        Failure   Level  Hunger
a - Blink                 Tloc           N/A          63%         2    ##.....

Your spell library contained the following spells:

 Spells                   Type           Power        Failure   Level  Hunger
 Gell's Gravitas          Tloc           ####......   83%         3    ###....
 Lesser Beckoning         Tloc           ####......   83%         3    ###....
 Teleport Other           Tloc           ####....     83%         3    ###....
 Shroud of Golubria       Chrm/Tloc      ###...       89%         2    ##.....
 Passage of Golubria      Tloc           N/A          99%         4    ####...


Dungeon Overview and Level Annotations

Branches:
Dungeon (4/15)
 Temple: D:4-7

Altars:
Fedhas
Ru

Annotations:
D:2 Sigmund
D:4 Grinder


Innate Abilities, Weirdness & Mutations

Your experience applies equally to all skills.
You have very sharp teeth.
You cannot train Dodging skill.
Your uncanny sense of smell can sniff out nearby items.
You are frail. (-10% HP)
Your spells are a little harder to cast, but a little more powerful.


Message History

The crimson imp hits you but does no damage.
It was a potion of haste.
You feel yourself speed up. Grinder hits you but does no damage.
The crimson imp hits you but does no damage.
You closely miss Grinder.
Grinder is lightly wounded.
Grinder hits you.
* * * LOW HITPOINT WARNING * * *
You writhe in agony.
* * * LOW HITPOINT WARNING * * *
You hit Grinder. You bite Grinder, but do no damage.
Grinder is lightly wounded.
The crimson imp hits you but does no damage.
You hit Grinder.
Grinder is lightly wounded.
Grinder gestures at you.
You suddenly lose the ability to move!
The crimson imp blinks!
Grinder gestures at you. Pain shoots through your body!
You die...

## ## #... >. #... ##.##
#... ####.. ∆...# #... ∆
..#.# #..#####
####...#####.#.####..##...
.....5.=.....#.##....##...
........§.......#.#...<...
........5@...#..#.#..##...
####...#####.#.......##...
#..............#.######
#...######.#.#.#.# #...
#.#.#.#.# ..5. #.#..#..#
#.### #.#.###.. #. #....
.## ##### #


You could see Grinder and a crimson imp.

Vanquished Creatures
  A hound (D:4)
  2 adders
  A worm (D:3)
  3 leopard geckos
  7 orcs (D:3)
  2 giant cockroaches
  4 goblins
  7 hobgoblins
  5 jackals
  A quokka (D:2)
  5 bats (D:1)
  6 frilled lizards
  6 kobolds
  4 rats
54 creatures vanquished.

Notes
Turn   | Place    | Note
-------+----------+-------------------------------------------
     0 | D:1      | Apogee the Gnoll Warper began the quest for the Orb.
     0 | D:1      | Reached XP level 1. HP: 20/20 MP: 6/6
    77 | D:1      | You fall into a shaft and drop 1 floor!
    85 | D:2      | Reached XP level 2. HP: 22/26 MP: 7/7
   505 | D:1      | Reached XP level 3. HP: 31/31 MP: 9/9
   656 | D:1      | Reached skill level 5 in Spellcasting
   780 | D:1      | Learned a level 2 spell: Blink
   857 | D:2      | Noticed Sigmund
  1095 | D:2      | Reached skill level 1 in Invocations
  1457 | D:3      | Reached skill level 1 in Short Blades
  1457 | D:3      | Reached skill level 1 in Axes
  1457 | D:3      | Reached skill level 1 in Maces & Flails
  1457 | D:3      | Reached skill level 1 in Polearms
  1457 | D:3      | Reached skill level 1 in Staves
  1457 | D:3      | Reached skill level 1 in Slings
  1457 | D:3      | Reached skill level 1 in Bows
  1457 | D:3      | Reached skill level 1 in Crossbows
  1457 | D:3      | Reached skill level 1 in Stealth
  1457 | D:3      | Reached skill level 1 in Shields
  1457 | D:3      | Reached skill level 1 in Unarmed Combat
  1457 | D:3      | Reached skill level 1 in Evocations
  1460 | D:3      | Reached XP level 4. HP: 38/38 MP: 11/11
  1503 | D:3      | Found a faded altar of an unknown god.
  1517 | D:3      | Became a worshipper of Ru the Awakened
  1519 | D:3      | Gained mutation: You cannot train Dodging skill. [Ru
                  | sacrifice]
  1519 | D:3      | Reached * piety under Ru
  1601 | D:3      | Found a blossoming altar of Fedhas.
  1907 | D:3      | Gained mutation: You are frail. (-10% HP) [potion of
                  | mutation]
  1907 | D:3      | Gained mutation: You are somewhat resistant to further
                  | mutation. [potion of mutation]
  1907 | D:3      | Lost mutation: You are somewhat resistant to further
                  | mutation. [potion of mutation]
  1907 | D:3      | Gained mutation: Your spells are a little harder to cast,
                  | but a little more powerful. [potion of mutation]
  2299 | D:3      | Noticed a phantom
  2382 | D:4      | Reached skill level 1 in Conjurations
  2382 | D:4      | Reached skill level 1 in Hexes
  2382 | D:4      | Reached skill level 1 in Charms
  2382 | D:4      | Reached skill level 1 in Summonings
  2382 | D:4      | Reached skill level 1 in Necromancy
  2382 | D:4      | Reached skill level 1 in Transmutations
  2382 | D:4      | Reached skill level 1 in Fire Magic
  2382 | D:4      | Reached skill level 1 in Ice Magic
  2382 | D:4      | Reached skill level 1 in Air Magic
  2382 | D:4      | Reached skill level 1 in Earth Magic
  2382 | D:4      | Reached skill level 1 in Poison Magic
  2669 | D:4      | Noticed Grinder
  2681 | D:4      | Paralysed by Grinder for 7 turns
  2692 | D:4      | Paralysed by Grinder for 6 turns
  2693 | D:4      | Killed from afar by Grinder

Illustrated notes

Levels and vault maps discovered:
D:1:      nzn_arrival_settlement, layout_basic
D:2:      layout_rooms, first_ration, minmay_diced_spiral, uniq_sigmund
D:3:      layout_basic, chequers_ecumenical_altar_simple, fedhas_ov_isle_minmay
D:4:      layout_loops_cross, serial_shops, nicolae_shop_behind_doors,
          uniq_grinder, uniq_natasha, uniq_robin

Skill      XL: |  1  2  3  4 |
---------------+-------------+-----
Spellcasting   | 5 |  5.1
Invocations    | 1 |  1.4
Short Blades   | 1 |  1.2
Axes           | 1 |  1.2
Maces & Flails | 1 |  1.2
Polearms       | 1 |  1.2
Staves         | 1 |  1.2
Slings         | 1 |  1.2
Bows           | 1 |  1.2
Crossbows      | 1 |  1.2
Stealth        | 1 |  1.2
Shields        | 1 |  1.2
Unarmed Combat | 1 |  1.2
Evocations     | 1 |  1.2
Dodging        | 0 |  0.0
Conjurations   | 1 |  1.0
Hexes          | 1 |  1.0
Charms         | 1 |  1.0
Summonings     | 1 |  1.0
Necromancy     | 1 |  1.0
Transmutations | 1 |  1.0
Fire Magic     | 1 |  1.0
Ice Magic      | 1 |  1.0
Air Magic      | 1 |  1.0
Earth Magic    | 1 |  1.0
Poison Magic   | 1 |  1.0
Fighting       | |  4.7
Long Blades    | |  4.7
Throwing       | |  2.8
Armour         | |  2.8
Translocations | |  5.5

Action                   |  1- 3 |  4- 6 || total
-------------------------+-------+-------++-------
Melee: Falchion          |    96 |    55 ||   151
       Bite              |    10 |    11 ||    21
Throw: Boomerang         |     1 |       ||     1
Invok: Sacrifice Nimblen |       |     1 ||     1
  Use: Potion            |       |     5 ||     5
 Stab: Sleeping          |     2 |       ||     2
       Distracted        |     1 |       ||     1
  Eat: Chunk             |     1 |     4 ||     5
Armor: Leather armour    |    25 |     6 ||    31
       Chain mail        |       |    21 ||    21
Dodge: Dodged            |    59 |    17 ||    76
       Rpst.: Falchion   |    18 |     3 ||    21
